 Dungeon Crawl Stone Soup version 0.28-a0-819-g6ef7baa362 (webtiles) character file.

Game seed: 659176403944431440

49 lawman0 the Magician (level 3, 0/26 HPs)
             Began as a Draconian Hedge Wizard on Nov 9, 2021.
             Succumbed to an adder's poison
             ... on level 2 of the Dungeon.
             The game lasted 00:02:51 (2298 turns).

lawman0 the Magician (Draconian Hedge Wizard)       Turns: 2298, Time: 00:02:51

Health: 0/26       AC:  5    Str: 12    XL:     3   Next: 53%
Magic:  0/7        EV: 12    Int: 15    God:
Gold:   53         SH:  0    Dex: 10    Spells: 2/8 levels left

rFire   . . .      SeeInvis .   a - +0 trident
rCold   . . .      Faith    .   (no shield)
rNeg    . . .      Spirit   .   (armour unavailable)
rPois   .          Reflect  .   b - +0 hat
rElec   .          Harm     .   (no cloak)
rCorr   .          Rampage  .   (no gloves)
Will    .....                   (no boots)
Stlth   ++........              (no amulet)
HPRegen 0.08/turn               (no ring)
MPRegen 0.10/turn               (no ring)

@: lethally poisoned (0 -> -8), very slightly contaminated, invisible
A: AC +5, unfitting armour, cold-blooded
a: no special abilities


You were on level 2 of the Dungeon.
You visited 1 branch of the dungeon, and saw 2 of its levels.

You collected 53 gold pieces.

Inventory:

Hand Weapons
 a - a +0 trident (weapon)
Armour
 b - a +0 hat (worn)
Scrolls
 d - a scroll of teleportation {unknown}
 e - a scroll of amnesia {unknown}
 f - a scroll of silence {unknown}
 g - a scroll of enchant weapon {unknown}


   Skills:
 + Level 2.2 Dodging
 + Level 1.9 Stealth
 + Level 3.4 Spellcasting
 * Level 2.0 Conjurations
 * Level 0.6 Hexes
 * Level 1.1 Summonings
 * Level 1.0 Translocations


You had 2 spell levels left.
You knew the following spells:

 Your Spells              Type           Power      Damage    Failure   Level
a - Magic Dart            Conj           32%        1d4       9%          1
b - Blink                 Tloc           10%        N/A       19%         2
c - Call Imp              Summ           6%         N/A       19%         2
d - Slow                  Hex            16%        N/A       14%         1

Your spell library contained the following spells:

 Spells                   Type           Power      Damage    Failure   Level
 Conjure Flame            Conj/Fire      5%         6-21      36%         3
 Mephitic Cloud           Conj/Pois/Air  4%         N/A       41%         3


Dungeon Overview and Level Annotations

Branches:
Dungeon (2/15)

Altars:


Innate Abilities, Weirdness & Mutations

Your plain brown scales are hard. (AC +5)
You cannot fit into any form of body armour.
You are cold-blooded and may be slowed by cold attacks.


Message History

You miss the adder.
The adder is severely wounded.
You feel sick. The adder bites you but does no damage. The adder bites you.
You are more poisoned.
The adder poisons you!
You closely miss the adder. You tail-slap the adder.
The adder is severely wounded.
You feel very sick. The adder barely misses you. The adder closely misses you.
You closely miss the adder.
Your tail-slap misses the adder.
The adder is severely wounded.
You feel sick. The adder bites you. The adder closely misses you.
Unknown command.
Aiming: Magic Dart (safe; 9% risk of failure)
Press: ? - help, Q - select action, (/) - cycle Shift-Dir - straight line, f/p - adder
Aim: an adder (severely wounded, 100% to hit)
You miscast Magic Dart.
You are very lightly contaminated with residual magic.
Nothing appears to happen.
You feel sick. The adder bites you but does no damage.
Aiming: Magic Dart (safe; 9% risk of failure)
Press: ? - help, Q - select action, (/) - cycle Shift-Dir - straight line, f/p - adder
Aim: an adder (severely wounded, 100% to hit)
The magic dart hits the adder.
The adder is severely wounded.
You feel sick. The adder bites you but does no damage.
Unknown command.
It was a potion of invisibility.
You fade into invisibility!
You feel sick. The adder bites you.
* * * LOW HITPOINT WARNING * * *
You are lethally poisoned!
The adder poisons you!
* * * LOW HITPOINT WARNING * * *
You feel very sick. The adder misses you.
Unknown command.
You closely miss the adder.
The adder is severely wounded.
You die...

###.........# #....
............# #...
............#####...
................+..
..............###..
...####.......# #.#
#######.......# #†#
..............###S#####.#
............)...@.........
....................###..#
#######....##.#####.# #..#
## #....#.)#.#.#.# #..# .#
#....##.......###..# .#
###..<.#.....##..##..# .#
#......##.....#..##..# .#
#........)...##......#
.####......#.#.#..#......#


You could see an adder.

Vanquished Creatures
  An adder (D:2)
  A worm (D:2)
  An orc (D:2)
  3 ball pythons
  2 bats
  3 endoplasms
  3 hobgoblins (D:1)
  3 jackals (D:1)
  4 kobolds
  A quokka (D:1)
  2 frilled lizards (D:2)
  2 goblins
  4 rats
30 creatures vanquished.

Vanquished Creatures (collateral kills)
  An endoplasm (D:2)
  3 kobolds (D:2)
4 creatures vanquished.

Grand Total: 34 creatures vanquished

Notes
Turn   | Place    | Note
-------+----------+-------------------------------------------
     0 | D:1      | lawman0 the Draconian Hedge Wizard began the quest for the
                  | Orb.
     0 | D:1      | Reached XP level 1. HP: 14/14 MP: 4/4
   273 | D:1      | Reached XP level 2. HP: 15/20 MP: 1/6
   472 | D:1      | Learned a level 2 spell: Blink
   475 | D:1      | Learned a level 2 spell: Call Imp
   477 | D:1      | Learned a level 1 spell: Slow
  1362 | D:2      | Reached XP level 3. HP: 26/26 MP: 1/7
  2297 | D:2      | HP: 1/26 [poisoned by an adder]
  2298 | D:2      | Succumbed to an adder's poison

Illustrated notes

Levels and vault maps discovered:
D:1:      shiori_arrival_whats_in_store_for_you, layout_basic,
          minmay_misc_feat_diagonals
D:2:      minmay_kobold_bridge, layout_basic, basic_ecumenical_altar,
          minmay_octomino_e4

Skill      XL: |  1  2  3 |
---------------+----------+-----
Dodging        | 2 |  2.2
Conjurations   | 2 |  2.0
Stealth        | |  1.9
Spellcasting   | |  3.4
Hexes          | |  0.6
Summonings     | |  1.1
Translocations | |  1.0

Action                   || total
-------------------------++-------
Melee: Dagger            ||    37
       Quarterstaff      ||    23
       Trident           ||    15
       Tailslap          ||     2
 Cast: Magic Dart        ||    68
       Call Imp          ||     3
  Use: Potion            ||     1
Armor: Skin              ||    45
Dodge: Dodged            ||    67

Table legend: (Time is in decaauts)
 A = Elapsed time spent in this place.
 B = Non-inter-level travel time spent in this place.
 C = Inter-level travel time spent in this place.
 D = Time resting spent in this place.
 E = Time spent auto-exploring this place.
 F = Levels seen in this place.
 G = Mean time per level.
                   A        B        C        D        E       F      G
               +--------+--------+--------+--------+--------+-----+--------+
         Total |   2309 |   2298 |     11 |    572 |   1377 |   2 | 1154.5 |
       Dungeon |   2309 |   2298 |     11 |    572 |   1377 |   2 | 1154.5 |
               +--------+--------+--------+--------+--------+-----+--------+

Top non-repeatable levels by time:
     D:1: 1559 daAuts
     D:2: 749 daAuts
